 Dungeon Crawl Stone Soup version 0.23.2-30-g0e89c35649 (webtiles) character file.

Game seed: 1242636253664016027

1330 TrebMcFLY the Chopper (level 8, 74/75 HPs)
             Began as a Deep Dwarf Fighter on June 9, 2019.
             Was a Follower of Makhleb.
             Quit the game on level 6 of the Dungeon.
             The game lasted 00:14:45 (3466 turns).

TrebMcFLY the Chopper (Deep Dwarf Fighter)          Turns: 3466, Time: 00:14:46

Health: 74/75      AC:  9    Str: 22    XL:     8   Next: 34%
Magic:  5/5        EV:  6    Int:  9    God:    Makhleb [*.....]
Gold:   214        SH: 10    Dex: 12    Spells: 7/7 levels left

rFire    . . .     SeeInvis .   a - +0 war axe
rCold    . . .     Gourm    .   c - +0 shield
rNeg     . . .     Faith    .   m - +0 chain mail
rPois    .         Spirit   .   (no helmet)
rElec    .         Reflect  .   (no cloak)
rCorr    .         Harm     .   (no gloves)
MR       +....                  (no boots)
Stlth    ..........             (no amulet)
HPRegen  0.00/turn              (no ring)
MPRegen  0.09/turn              (no ring)

@: non-regenerating
A: damage resistance, heal wounds, sense surroundings 1, no regeneration
a: Heal Wounds, Renounce Religion


You were on level 6 of the Dungeon.
You worshipped Makhleb.
Makhleb was aware of your devotion.
You were not hungry.

You visited 2 branches of the dungeon, and saw 8 of its levels.

You collected 214 gold pieces.

Inventory:

Hand Weapons
 a - a +0 war axe (weapon)
Armour
 c - a +0 shield (worn)
 m - a +0 chain mail (worn)
Jewellery
 p - an uncursed ring of fire {unknown}
Wands
 l - a wand of paralysis (13)
Scrolls
 e - 6 scrolls of teleportation {unknown}
 g - a scroll of immolation {unknown}
 i - 3 scrolls of identify {unknown}
 j - 2 scrolls of fog {unknown}
 k - 2 scrolls of amnesia {unknown}
 o - 2 scrolls of enchant weapon {unknown}
 q - a scroll of blinking {unknown}
 t - a scroll of acquirement {unknown}
 v - a scroll of remove curse {unknown}
Potions
 b - 3 potions of flight {unknown}
 d - a potion of might
 h - 2 potions of ambrosia {unknown}
 n - a potion of heal wounds {unknown}
 r - 2 potions of agility {unknown}
 s - 2 potions of curing {unknown}
 u - 2 potions of cancellation {unknown}
Comestibles
 f - 7 rations
 w - 2 chunks of flesh


   Skills:
 + Level 5.6 Fighting
 * Level 7.4 Axes
 + Level 5.0 Armour
 + Level 4.9 Shields
 + Level 3.6 Invocations
 - Level 1.0 Evocations


You had 7 spell levels left.
You didn't know any spells.
Your spell library was empty.

Dungeon Overview and Level Annotations

Branches:
Dungeon (7/15)             Temple (1/1) D:7

Altars:
Ashenzari
Cheibriados
Dithmenos
Elyvilon
Fedhas
Gozag
Hepliaklqana
Kikubaaqudgha
Makhleb
Nemelex Xobeh
Okawaru
Qazlal
Ru
Sif Muna
Trog
Uskayaw
Vehumet
Wu Jian
Xom
Yredelemnul
The Shining One

Shops:
D:4 [


Innate Abilities, Weirdness & Mutations

You are resistant to damage.
You can heal yourself by infusing magical energy.
You passively map a small area around you.
You do not regenerate.


Message History

* * * LOW HITPOINT WARNING * * *
The ice beast freezes you!
* * * LOW HITPOINT WARNING * * *
Your magical essence is drained by the effort!
You feel much better. The ice beast completely misses you.
The orc priest looks braver for a moment.
Your magical essence is drained by the effort!
You feel much better.
The orc wizard hits you but does no damage.
The orc hits you but does no damage. The ice beast barely misses you.
You block the orc's attack.
You feel much better.
The orc wizard hits you but does no damage.
You block the orc's attack.
The ice beast hits you but does no damage.
You block the orc's attack.
Search for what [? for help]? yes Can't find anything matching that.
Unknown command.
Are you sure you want to abandon this character and quit the game? (Confirm with "yes".)

,.....................
,.................#........
...................#####..
.......................#.#
.................#####รท#..
,..........o......## #..##
,oo................## ##..#
.......###o.##.....## ##..
........Y@.......#..# #..
.......#oo.####..##.####[)
./....####.# ##.........#
......* ...# #.###......
*##### ,...# #..##.##.#. *
<....#####.##.##...
*#.#.......#.)..#>.#. **
..#####..........###
#..........####..


You could see an ice beast, an orc priest, an orc wizard and 2 orcs.

Vanquished Creatures
  Eustachio (D:6)
  An ice beast (D:5)
  A phantom (D:6)
  A centaur (D:6)
  2 bullfrogs (D:6)
  2 scorpions
  4 crimson imps
  A jelly (D:6)
  4 hounds
  4 orc priests
  An orc wizard (D:6)
  2 worker ants
  A killer bee zombie (D:6)
  A hound zombie (D:5)
  2 worker ant zombies
  6 adders
  2 shadow imps
  An ooze (D:3)
  7 dart slugs
  2 leopard geckos
  5 orcs
  3 ball pythons
  4 giant cockroaches
  9 goblins
  10 hobgoblins
  2 jackals (D:2)
  A quokka (D:4)
  5 bats
  6 frilled lizards
  8 kobolds
  2 leopard gecko skeletons
  6 rats
107 creatures vanquished.

Notes
Turn   | Place    | Note
-------+----------+-------------------------------------------
     0 | D:1      | TrebMcFLY the Deep Dwarf Fighter began the quest for the
                  | Orb.
     0 | D:1      | Reached XP level 1. HP: 20/20 MP: 1/1
   216 | D:1      | Reached XP level 2. HP: 22/28 MP: 2/2
   493 | D:1      | Reached skill level 3 in Axes
   872 | D:2      | Reached XP level 3. HP: 23/34 MP: 3/3
  1264 | D:2      | Reached XP level 4. HP: 29/44 MP: 4/4
  1858 | D:3      | Reached skill level 4 in Axes
  1969 | D:3      | Reached XP level 5. HP: 16/50 MP: 5/5
  2307 | D:4      | Found Nuenk's Armour Emporium.
  2440 | D:4      | Reached skill level 5 in Axes
  2453 | D:4      | You fall through a shaft for 3 floors!
  2470 | D:7      | Reached XP level 6. HP: 38/58 MP: 5/5
  2491 | D:7      | Found a staircase to the Ecumenical Temple.
  2507 | Temple   | Entered the Ecumenical Temple
  2608 | Temple   | Became a worshipper of Makhleb the Destroyer
  2655 | D:6      | Reached skill level 1 in Evocations
  2747 | D:6      | Reached skill level 1 in Invocations
  2759 | D:6      | Reached skill level 5 in Fighting
  2759 | D:6      | Reached XP level 7. HP: 24/67 MP: 5/7
  2781 | D:6      | Reached skill level 6 in Axes
  2962 | D:5      | Entered Level 5 of the Dungeon
  3125 | D:5      | Reached XP level 8. HP: 39/75 MP: 8/8
  3147 | D:5      | Reached * piety under Makhleb
  3147 | D:5      | Reached skill level 7 in Axes
  3202 | D:5      | You fall through a shaft!
  3249 | D:6      | Noticed Eustachio
  3324 | D:6      | Killed Eustachio
  3462 | D:6      | Reached skill level 5 in Armour
  3466 | D:6      | Quit the game

Skill      XL: |  1  2  3  4  5  6  7  8 |
---------------+-------------------------+-----
Fighting       | 3 4 5 |  5.6
Axes           | 3 4 5 6 7 |  7.4
Evocations     | 1 |  1.0
Invocations    | 1 2 3 |  3.6
Armour         | 4 5 |  5.0
Shields        | 4 |  4.9

Action                   |  1- 3 |  4- 6 |  7- 9 || total
-------------------------+-------+-------+-------++-------
Melee: War axe           |   119 |   146 |   155 ||   420
 Abil: Heal Wounds       |       |     2 |     6 ||     8
  Eat: Chunk             |     1 |     5 |     3 ||     9
Armor: Scale mail        |    39 |    11 |       ||    50
       Chain mail        |       |    65 |   100 ||   165
Dodge: Dodged            |    36 |    30 |    34 ||   100
Block: Shield            |    43 |    64 |    89 ||   196
